 Dungeon Crawl Stone Soup version 0.31-a0-460-g9e667d4245 (webtiles) character file.

Game seed: 8225740012247143701

51 RepHenryClay the Shield-Bearer (level 3, -4/34 HPs)
             Began as a Naga Fighter on Aug 5, 2023.
             Slain by a gnoll
             ... wielding a +0 halberd
              (10 damage)
             ... on level 2 of the Dungeon.
             The game lasted 00:01:50 (1293 turns).

RepHenryClay the Shield-Bearer (Naga Fighter)       Turns: 1293, Time: 00:01:51

Health: -4/34      AC:  9    Str: 18    XL:     3   Next: 83%
Magic:  3/3        EV:  5    Int:  8    God:
Gold:   105        SH:  4    Dex: 12    Spells: 2/2 levels left

rFire   . . .        a - +0 war axe (chaos)
rCold   . . .        c - +0 buckler
rNeg    . . .        b - +0 scale mail
rPois   +            (no helmet)
rElec   .            (no cloak)
rCorr   .            (no gloves)
SInv    +            g - +0 barding
Will    .....        (no amulet) Stlth
                     (no ring)
HPRegen 0.25/turn    (no ring)
MPRegen 0.08/turn

%: no passive effects
@: mighty, brilliant, very slow
A: AC +1, large, see invisible, deformed body, poison resistance, slowness 2,
spit poison 1, naga tail 1
a: Spit Poison


You were on level 2 of the Dungeon.
You visited 1 branch of the dungeon, and saw 2 of its levels.

You collected 105 gold pieces.

Inventory:

Hand Weapons
 a - a +0 war axe of chaos (weapon)
Armour
 b - a +0 scale mail (worn)
 c - a +0 buckler (worn)
 g - a +0 barding (worn)
 k - a +0 tower shield
Potions
 e - a potion of brilliance


   Skills:
 - Level 3.0 Fighting
 + Level 3.1 Axes
 - Level 2.4 Armour
 + Level 3.5 Shields


You had 2 spell levels left.
You didn't know any spells.
Your spell library was empty.

Dungeon Overview and Level Annotations

Branches:
Dungeon (2/15)

Altars:


Innate Abilities, Weirdness & Mutations

Your serpentine skin is tough. (AC +1)
You have supernaturally acute eyesight. (SInv)
Armour fits poorly on your strangely shaped body.
Your system is resistant to poisons. (rPois)
You cover ground very slowly.
You can spit poison.
You have a snake-like lower body.


Message History

The kobold is moderately wounded.
The gnoll hits you from afar with a +0 halberd.
The kobold hits you but does no damage. The kobold completely misses you.
The gnoll hits you from afar with a +0 halberd.
Damage: -3%(-1hp) hp: 80%(27hp)
You slash the kobold!
You kill the kobold!
The gnoll hits you from afar with a +0 halberd!
Huge Dmg: -35%(-12hp) hp: 45%(15hp)
Okay, then.
The gnoll hits you from afar with a +0 halberd!
* * * LOW HITPOINT WARNING * * *
Huge Dmg: -21%(-7hp) hp: 24%(8hp)
Aiming: Spit Poison (2% risk of failure)
Press: ? - help, Shift-Dir - straight line, f - gnoll
Aim: a gnoll, wielding a +0 halberd (65% to hit)
The splash of poison hits the gnoll.
The gnoll is heavily wounded.
You block the gnoll's attack.
Okay, then.
As you read the scroll labelled PIAMAI OSUCK, it crumbles to dust.
It is a scroll of brand weapon.
Your +0 war axe erupts in a glittering mayhem of colour.
a - a +0 war axe of chaos (weapon)
The gnoll hits you from afar with a +0 halberd.
* * * LOW HITPOINT WARNING * * *
Huge Dmg: -9%(-3hp) hp: 15%(5hp)
Okay, then.
As you read the scroll labelled PUEPNOJOUJ, it dissolves into smoke.
It was a scroll of fog.
You block the gnoll's attack.
As you read the scroll labelled CENNIFEMPE, it crumbles to dust.
You hear a loud clanging noise!
It was a scroll of noise.
You hear an angry hiss.
You hear a shout!
You block the gnoll's attack.
Unknown command.
You feel very mighty all of a sudden.
You have got your breath back.
The gnoll hits you from afar with a +0 halberd!
You die...

##..#........# #.####.#
#...#........# #......#
####...#........# ##.##..#
.......).######## #..#####..
.......#.# ##.#.....#
.......#.# ####.#.#####
....####.. #§§..#.####
.......##.########§§..#.....#
#.#.#........g§g§@§§..#####..
......###....#####§§..#
#.#.#.# ####..## #§§..#
......# ##g.###....# #.#.#.#
##gK.#....#
......#..........#####..
..###..............# .## .###
..........#.#..# .# )...
..#####........


You could see a gnoll.

Vanquished Creatures
  An adder (D:2)
  A gnoll (D:2)
  A dart slug (D:1)
  5 bats
  2 endoplasms (D:1)
  3 goblins
  2 jackals (D:2)
  4 kobolds
  3 quokkas
  3 ball pythons
  A frilled lizard (D:1)
  4 rats
30 creatures vanquished.

Notes
Turn   | Place    | Note
-------+----------+-------------------------------------------
     0 | D:1      | RepHenryClay the Naga Fighter began the quest for the Orb.
     0 | D:1      | Reached XP level 1. HP: 21/21 MP: 1/1
   214 | D:1      | Reached XP level 2. HP: 28/28 MP: 2/2
  1030 | D:2      | Reached XP level 3. HP: 34/34 MP: 3/3
  1293 | D:2      | Slain by a gnoll

Illustrated notes

Levels and vault maps discovered:
D:1:      heliophobic_arrival_battle_scene, layout_loops_corners
D:2:      minmay_chambers_of_ones, layout_basic, serial_co_window_serial,
          co_window_of_opportunity_a, co_window_paths_a, co_window_paths_a,
          co_window_corner_a, co_window_paths_a, co_window_broadway_a,
          co_window_of_opportunity_b, co_window_2corner, glass_columns_b,
          glass_columns_b, glass_columns_a, uniq_sigmund, uniq_jessica

Skill      XL: |  1  2  3 |
---------------+----------+-----
Shields        | 3 |  3.5
Axes           | 3 |  3.1
Fighting       | |  3.0
Armour         | |  2.4

Action                     || total
---------------------------++-------
  Melee: War axe           ||    77
Ability: Spit Poison       ||     1
    Use: Potion            ||     5
         Scroll            ||     3
 Armour: Scale mail        ||    51
  Dodge: Dodged            ||    26
  Block: Buckler           ||    22

Table legend: (Time is in decaauts)
 A = Elapsed time spent in this place.
 B = Non-inter-level travel time spent in this place.
 C = Inter-level travel time spent in this place.
 D = Time resting spent in this place.
 E = Time spent auto-exploring this place.
 F = Levels seen in this place.
 G = Mean time per level.
                   A        B        C        D        E       F      G
               +--------+--------+--------+--------+--------+-----+--------+
         Total |   1742 |   1726 |     16 |      0 |   1460 |   2 |  871.0 |
       Dungeon |   1742 |   1726 |     16 |      0 |   1460 |   2 |  871.0 |
               +--------+--------+--------+--------+--------+-----+--------+

Top non-repeatable levels by time:
     D:1: 1306 daAuts
     D:2: 436 daAuts
